 Seeded DCSS version 0.30.1-9-gdf580d7c3d (webtiles) character file.

Game seed: 9106806156630997546 (custom seed)

133 Psyclone the Magician (level 4, -5/24 HPs)
             Began as a Deep Elf Fire Elementalist on Sept 27, 2023.
             Slain by Sigmund
             ... wielding a +4 scythe of flaming
              (6 damage)
             ... on level 3 of the Dungeon.
             The game lasted 00:04:10 (2115 turns).

Psyclone the Magician (Deep Elf Fire Elementalist)  Turns: 2115, Time: 00:04:11

Health: -5/24      AC:  3    Str:  5    XL:     4   Next: 94%
Magic:  9/12       EV: 12    Int: 22    God:
Gold:   92         SH:  0    Dex: 15    Spells: 9/12 levels left

rFire   . . .        j - +0 falchion
rCold   . . .        (no shield)
rNeg    . . .        a - +0 robe
rPois   +            (no helmet)
rElec   .            q - +0 cloak
rCorr   .            (no gloves)
SInv    .            (no boots)
Will    .....        (no amulet)
Stlth   ++           i - ring of poison resistance
HPRegen 0.24/turn    (no ring)
MPRegen 0.13/turn

%: no passive effects
@: no status effects
A: no striking features
a: no special abilities


You were on level 3 of the Dungeon.
You visited 1 branch of the dungeon, and saw 3 of its levels.

You collected 92 gold pieces.

Inventory:

Hand Weapons
 j - a +0 falchion (weapon)
Armour
 a - a +0 robe (worn)
 q - a +0 cloak (worn)
Jewellery
 i - a ring of poison resistance (left hand)
Scrolls
 c - a scroll of teleportation {unknown}
 d - a scroll of blinking {unknown}
 k - a scroll of noise {unknown}
 o - 2 scrolls of enchant armour {unknown}
 p - a scroll of poison {unknown}
Potions
 b - a potion of magic
 e - 4 potions of curing {unknown}
 f - a potion of berserk rage {unknown}
 g - 4 potions of brilliance {unknown}
 h - a potion of lignification {unknown}
 l - 2 potions of attraction {unknown}
 m - 2 potions of might {unknown}
 n - a potion of haste {unknown}


   Skills:
 - Level 2.4 Dodging
 - Level 2.4 Stealth
 + Level 4.6 Spellcasting
 + Level 3.1 Conjurations
 + Level 4.5 Fire Magic


You had 9 spell levels left.
You knew the following spells:

 Your Spells              Type           Power      Damage    Failure   Level
a - Foxfire               Conj/Fire      84%        2x1d8     2%          1
b - Scorch                Fire           48%        2d7       2%          2

Your spell library contained the following spells:

 Spells                   Type           Power      Damage    Failure   Level
 Inner Flame              Hex/Fire       15%        N/A       12%         3
 Volatile Blastmotes      Fire/Tloc      30%        2d12      12%         3
 Flame Wave               Conj/Fire      21%        2d8       22%         4
 Summon Cactus Giant      Summ           2%         N/A       100%        6


Dungeon Overview and Level Annotations

Branches:
Dungeon (3/15) Zot: 15884

Altars:
Qazlal

Shops:
D:1 =

Annotations:
D:3 Sigmund


Message History

You take 9 damage, and have 15/24 hp.
MASSIVE DAMAGE!!
You bump into the rock wall.
You feel less confused. Sigmund gestures at you while chanting.
You are confused.
You bump into the rock wall.
Sigmund says, "Your kind have come here before.
I understand now why.
You desire death..."
You feel less confused.
Sigmund says, "Don't worry, I'll kill you fast."
Sigmund gestures at you while chanting. The puff of flame misses you.
Casting: Foxfire (safe; 2% risk of failure)
Confirm with . or Enter, or press ? or * to list all spells.
You conjure some foxfire!
You now have 10/12 mp.
Casting: Foxfire (safe; 2% risk of failure)
Confirm with . or Enter, or press ? or * to list all spells.
There is not enough space to conjure foxfire!
The foxfire hits Sigmund.
Sigmund is severely wounded.
The foxfire hits Sigmund.
Sigmund is almost dead.
Casting: Foxfire (safe; 2% risk of failure)
Confirm with . or Enter, or press ? or * to list all spells.
You conjure some foxfire!
Sigmund hits you from afar with a +4 scythe of flaming.
Sigmund burns you.
You take 5 damage, and have 14/24 hp.
MASSIVE DAMAGE!!
You now have 10/12 mp.
The foxfire hits Sigmund but does no damage.
Sigmund is almost dead.
The foxfire hits Sigmund.
Sigmund is almost dead.
Casting: Foxfire (safe; 2% risk of failure)
Confirm with . or Enter, or press ? or * to list all spells.
You conjure some foxfire!
Sigmund hits you from afar with a +4 scythe of flaming!
Ouch! That really hurt!
* * * LOW HITPOINT WARNING * * *
Sigmund burns you.
You die...

####. ......
###.... # #.... #
#... # ###$## #
#....##
###.....##########
##............@v@#
###.....########v#
# #....## #.# #
#.#.## #.#
###.####### #..
.....<..... ###
###.######. #.#
#.#


You could see Sigmund (ally target).

Vanquished Creatures
  Crazy Yiuf (D:2)
  Jessica (D:2)
  Natasha (D:3)
  Robin (D:2)
  A worm (D:2)
  A dart slug (D:2)
  3 ball pythons
  4 bats
  2 endoplasms
  A giant cockroach (D:2)
  12 goblins
  3 jackals (D:2)
  5 kobolds
  2 frilled lizards (D:1)
  A rat (D:1)
39 creatures vanquished.

Vanquished Creatures (others)
  165 foxfires
165 creatures vanquished.

Grand Total: 204 creatures vanquished

Notes
Turn   | Place    | Note
-------+----------+-------------------------------------------
     0 | D:1      | Psyclone the Deep Elf Fire Elementalist began the quest for
                  | the Orb.
     0 | D:1      | Reached XP level 1. HP: 10/10 MP: 6/6
   364 | D:1      | Reached XP level 2. HP: 15/15 MP: 4/8
   405 | D:1      | Found Cetaas's Jewellery Emporium.
   886 | D:2      | Found a stormy altar of Qazlal.
  1045 | D:2      | Learned a level 2 spell: Scorch
  1327 | D:2      | Noticed Robin
  1331 | D:2      | Reached XP level 3. HP: 16/19 MP: 6/10
  1430 | D:2      | Killed Robin
  1625 | D:2      | Noticed Jessica
  1630 | D:2      | Killed Jessica
  1631 | D:2      | Reached XP level 4. HP: 24/24 MP: 7/12
  1853 | D:2      | Found a runed translucent door.
  1854 | D:2      | Noticed Crazy Yiuf
  1900 | D:2      | Killed Crazy Yiuf
  2029 | D:3      | Noticed Natasha
  2036 | D:3      | Killed Natasha
  2089 | D:3      | Noticed Sigmund
  2115 | D:3      | HP: 1/24 [Sigmund/+4 scythe of flaming (14)]
  2115 | D:3      | Slain by Sigmund

Illustrated notes

Levels and vault maps discovered:
D:1:      onia_arrival_mini_spirals, layout_loops_ring, serial_shops, shop
D:2:      layout_rooms, basic_altar, reono_crystal_passage, minmay_tetromino_l2,
          uniq_robin, uniq_jessica, uniq_crazy_yiuf_cottage
D:3:      layout_loops_ring, uniq_sigmund, uniq_natasha

Skill      XL: |  1  2  3  4 |
---------------+-------------+-----
Conjurations   | 2 3 |  3.1
Fire Magic     | 4 |  4.5
Spellcasting   | 4 |  4.6
Dodging        | |  2.4
Stealth        | |  2.4

Action                     |  1- 3 |  4- 6 || total
---------------------------+-------+-------++-------
  Melee: Falchion          |       |     4 ||     4
   Cast: Foxfire           |    81 |    19 ||   100
 Armour: Robe              |     5 |       ||     5
  Dodge: Dodged            |     7 |     2 ||     9
